 Dungeon Crawl Stone Soup version 0.30-a0-297-g0ec75d9ef4 (webtiles) character file.

Game seed: 13367232369379707165

18 HarveyMantaco the Cudgeller (level 3, 0/46 HPs)
             Began as a Meteoran Cinder Acolyte on Oct 18, 2022.
             Was a High Priest of Ignis.
             Succumbed to an adder's poison
             ... on level 2 of the Dungeon.
             The game lasted 00:02:26 (730 turns).

HarveyMantaco the Cudgeller (MeCA)                   Turns: 730, Time: 00:02:27

Health: 0/46       AC: 21    Str: 15 (16) XL:     3   Next: 8%
Magic:  6/6        EV:  2    Int: 16 (17) God:    Ignis [*****.]
Gold:   33         SH:  0    Dex:  7 (9)  Spells: 5/5 levels left

rFire   + . .      SeeInvis .    a - -1 mace (flame)
rCold   . . .      Faith    .    (no shield)
rNeg    . . .      Spirit   .    (body armour currently unavailable)
rPois   +          Reflect  .    (helmet currently unavailable)
rElec   .          Harm     .    (cloak currently unavailable)
rCorr   .          Rampage  .    (gloves currently unavailable)
Will    .....      NoTele   +    (boots currently unavailable)
Stlth   +.........               (no amulet)
HPRegen 0.27/turn                (no ring)
MPRegen 0.10/turn                (no ring)

@: lethally poisoned (0 -> -1), tree-form, glowing
A: stationary, stasis, torment immunity, boosted hp, sense surroundings 1,
otherworldly, glowing, explore regen
a: Renounce Religion, Fiery Armour, Foxfire Swarm, Rising Flame


You were on level 2 of the Dungeon.
You worshipped Ignis.
Ignis was extremely pleased with you.
You were a tree.
You visited 1 branch of the dungeon, and saw 2 of its levels.

You collected 33 gold pieces.

Inventory:

Hand Weapons
 a - a -1 mace of flaming (weapon)
Armour
 b - a +0 robe (melded)
Scrolls
 c - 3 scrolls of teleportation {unknown}
 e - 3 scrolls of identify {unknown}
 g - 3 scrolls of enchant weapon {unknown}
 h - a scroll of amnesia {unknown}
 j - a scroll of vulnerability {unknown}
 k - a scroll of magic mapping {unknown}
Potions
 f - a potion of brilliance {unknown}


   Skills:
 + Level 3.5 Fighting
 * Level 4.5 Maces & Flails
 + Level 1.8 Spellcasting
 + Level 3.9 Fire Magic


You had 5 spell levels left.
You didn't know any spells.
Your spell library contained the following spells:

 Spells                   Type           Power      Damage    Failure   Level
 Scorch                   Fire           28%        2d6       6%          2


Dungeon Overview and Level Annotations

Branches:
Dungeon (2/15) Zot: 457

Altars:
Okawaru


Innate Abilities, Weirdness & Mutations

You are a tree.
Your roots penetrate the ground, keeping you stationary.
You cannot be teleported.
You are immune to unholy pain and torment.
Your maximum health is greatly increased.
Your equipment is partially melded.
You passively map a small area around you.
You are easily found by Zot.
You glow in the dark.
You regain HP and MP as you explore.


Message History

You barely miss the bat. The bat hits you. The bat hits you but does no damage.
You hit the bat. You burn the bat.
The bat is severely wounded.
The bat hits you. The bat hits you.
You hit the bat. You burn the bat.
You kill the bat!
k - a scroll labelled JURI NOFIMOUSCH An adder comes into view.
The adder hisses angrily.
You miss the adder. The adder bites you. The adder closely misses you.
You hit the adder but do no damage. The adder bites you.
You are poisoned.
The adder poisons you!
You hit the adder. You burn the adder.
The adder is moderately wounded.
You feel sick. The adder bites you but does no damage.
The adder closely misses you.
You hit the adder. You burn the adder.
The adder is heavily wounded.
You feel sick. The adder completely misses you.
You hit the adder but do no damage.
The adder is heavily wounded.
You feel sick. The adder bites you.
* * * LOW HITPOINT WARNING * * *
The adder misses you.
You miss the adder.
The adder is heavily wounded.
* * * LOW HITPOINT WARNING * * *
You feel sick. The adder bites you.
* * * LOW HITPOINT WARNING * * *
It was a potion of lignification.
You turn into a tree.
Your +0 robe melds into your body.
Your roots penetrate the ground.
* * * LOW HITPOINT WARNING * * *
You feel sick. The adder bites you but does no damage.
It was a potion of degeneration.
There was something very wrong with that liquid.
You feel weakened.
You feel dopey.
You feel clumsy.
You die...

* #.##............# ##.### *
#.##.####.#.#.#.###...##
#....)# #.#.#.#.##.###.# ,
..##..# #.#.#.#.#.## ##. * *
#.##..# #.#.#.....# #. *
#.##..###.#.#.###.## ##. * *
#.##..........# #..###.#
#.#*#.#.S.†.#.###.....##
#.###.###.#♣#.#.#......#####
#...†.......................
#####.###.#.#.#.##...##.###.
* #.# #.#.....###.###.†#.# ,
,..# #.###....†...##.#.## *
#### #....######..##.#...
####.######.........
#............####
##############


You could see an adder.

Vanquished Creatures
  A dart slug (D:2)
  2 bats (D:2)
  An endoplasm (D:1)
  A hobgoblin (D:2)
  2 kobolds (D:1)
  A quokka (D:2)
  3 ball pythons
  2 frilled lizards
  2 rats (D:1)
15 creatures vanquished.

Notes
Turn   | Place    | Note
-------+----------+-------------------------------------------
     0 | D:1      | HarveyMantaco the Meteoran Cinder Acolyte began the quest
                  | for the Orb.
     0 | D:1      | Reached XP level 1. HP: 19/19 MP: 3/3
   207 | D:1      | Reached XP level 2. HP: 22/26 MP: 3/5
   494 | D:1      | Glimpsed the power of Zot.
   580 | D:2      | Found an iron altar of Okawaru.
   697 | D:2      | Reached XP level 3. HP: 12/31 MP: 6/6
   728 | D:2      | HP: 1/31 [adder (2)]
   730 | D:2      | Succumbed to an adder's poison

Illustrated notes

Levels and vault maps discovered:
D:1:      dpeg_arrival_tiny_b, layout_loops_ring
D:2:      cheibrodos_greedy_goblins, layout_loops_ring, basic_altar

Action                   || total
-------------------------++-------
Melee: Mace              ||    67
  Use: Potion            ||     2
Armor: Robe              ||    16
       Skin              ||     1
Dodge: Dodged            ||    32

Table legend: (Time is in decaauts)
 A = Elapsed time spent in this place.
 B = Non-inter-level travel time spent in this place.
 C = Inter-level travel time spent in this place.
 D = Time resting spent in this place.
 E = Time spent auto-exploring this place.
 F = Levels seen in this place.
 G = Mean time per level.
                   A        B        C        D        E       F      G
               +--------+--------+--------+--------+--------+-----+--------+
         Total |    742 |    702 |     40 |     38 |    501 |   2 |  371.0 |
       Dungeon |    742 |    702 |     40 |     38 |    501 |   2 |  371.0 |
               +--------+--------+--------+--------+--------+-----+--------+

Top non-repeatable levels by time:
     D:1: 541 daAuts
     D:2: 200 daAuts
